 Dungeon Crawl Stone Soup version 0.20-a0-739-g6bb112f (webtiles) character file.

120 Gorglomux the Magician (level 4, -1/24 HPs)
             Began as a Deep Elf Fire Elementalist on Feb 24, 2017.
             Killed by divine providence
             ... invoked by an orc priest
              (13 damage)
             ... on level 3 of the Dungeon.
             The game lasted 00:04:40 (2501 turns).

Gorglomux the Magician (Deep Elf Fire Elementalist) Turns: 2501, Time: 00:04:41

Health: -1/24      AC:  2    Str:  5    XL:     4   Next: 75%
Magic:  0/13       EV: 13    Int: 21    God:
Gold:   105        SH:  0    Dex: 15    Spells: 6/14 levels left

rFire    . . .     SeeInvis .   g - +0 short sword
rCold    . . .     Gourm    .   a - +0 robe
rNeg     . . .     Faith    .   (no shield)
rPois    .         Spirit   .   (no helmet)
rElec    .         Reflect  .   (no cloak)
rCorr    .         Harm     .   (no gloves)
MR       .....                  (no boots)
Stlth    ++........             (no amulet)
Regen    0.1/turn               (no ring)
MPRegen  0.2/turn               (no ring)

@: no status effects
A: no striking features
a: no special abilities


You were on level 3 of the Dungeon.
You were not hungry.

You visited 1 branch of the dungeon, and saw 3 of its levels.

You collected 105 gold pieces.

Inventory:

Hand Weapons
 g - a +0 short sword (weapon)
 o - a +2 whip of pain
Armour
 a - a +0 robe (worn)
Scrolls
 d - 2 scrolls of fear {unknown}
 h - 2 scrolls of remove curse {unknown}
 j - 2 scrolls of amnesia {unknown}
 l - a scroll of teleportation {unknown}
 n - a scroll of magic mapping {unknown}
 R - 2 scrolls of identify
Potions
 e - a potion of curing
 p - a potion of cancellation
Books
 b - a book of Flames

   Spells                             Type                      Level
   a - Flame Tongue                   Conjuration/Fire             1
   b - Throw Flame                    Conjuration/Fire             2
   c - Conjure Flame                  Conjuration/Fire             3
   d - Inner Flame                    Hexes/Fire                   3
   e - Sticky Flame                   Conjuration/Fire             4
   f - Fireball                       Conjuration/Fire             5
Comestibles
 c - 2 bread rations
 r - a royal jelly
 S - 3 chunks of flesh


   Skills:
 - Level 2.4 Dodging
 - Level 2.4 Stealth
 - Level 5.5 Spellcasting
 + Level 3.1 Conjurations
 + Level 3.4 Fire Magic


You had 6 spell levels left.
You knew the following spells:

 Your Spells              Type           Power        Failure   Level  Hunger
a - Flame Tongue          Conj/Fire      ###..        2%          1    None
b - Sticky Flame          Conj/Fire      ###.....     28%         4    ####...
j - Conjure Flame         Conj/Fire      ###.....     10%         3    ##.....


Dungeon Overview and Level Annotations

Branches:
Dungeon (3/15)

Altars:
Uskayaw


Message History

Aiming: Flame Tongue
Press: ? - help, Shift-Dir - straight line, f/p - orc priest
Aim: an orc priest, wielding a hand axe (moderately wounded)
The flame tongue hits the orc priest.
The orc priest is severely wounded.
The orc priest barely misses you.
Casting: Flame Tongue
Confirm with . or Enter, or press ? or * to list all spells.
You don't have enough magic to cast that spell.
Unknown command.
You closely miss the orc priest.
The orc priest is severely wounded.
The orc priest hits you with a hand axe.
* * * LOW HITPOINT WARNING * * *
You barely miss the orc priest.
The orc priest is severely wounded.
The orc priest mumbles some strange prayers to Beogh against you.
Beogh smites you!
Ouch! That really hurt!
You die...

..# ## oo ## ..##.##.
### ###.....### #.# #.#
#.....# #.### #.# #)#
#...####.# #.###
#........####o..#
#...........@.#......
###..##########.#######
###..)......# #.#
....<..####.# #.#
###.#.## #.# #.#.# #.#
#.#.# #.# ....# .#
#.#..


You could see an orc priest.

Vanquished Creatures
  An orc priest (D:2)
  3 adders (D:2)
  An ooze (D:2)
  A dart slug (D:2)
  4 leopard geckos
  7 orcs
  A ball python (D:1)
  5 hobgoblins (D:1)
  5 kobolds
  6 bats
  3 frilled lizards
  4 goblins
  7 rats
48 creatures vanquished.

Notes
Turn   | Place    | Note
-------+----------+-------------------------------------------
     0 | D:1      | Gorglomux the Deep Elf Fire Elementalist began the quest for the Orb.
     0 | D:1      | Reached XP level 1. HP: 10/10 MP: 6/6
   439 | D:1      | Reached XP level 2. HP: 15/15 MP: 2/8
   994 | D:1      | Reached skill level 3 in Conjurations
  1442 | D:2      | Reached XP level 3. HP: 19/19 MP: 7/9
  1447 | D:2      | Learned a level 3 spell: Conjure Flame
  1631 | D:2      | Found a hide-covered altar of Uskayaw.
  1660 | D:2      | Reached skill level 4 in Spellcasting
  1998 | D:2      | Reached XP level 4. HP: 24/24 MP: 8/12
  2243 | D:2      | Reached skill level 5 in Spellcasting
  2427 | D:2      | Learned a level 4 spell: Sticky Flame
  2501 | D:3      | Killed from afar by an orc priest

Vault maps used:
D:1:      dpeg_arrival_arbitrary_c
D:2:      nicolae_overflow_crystal_walls
D:3:      wad_crossroads, chequers_ecumenical_altar_simple,
          minmay_misc_feat_pillars, minmay_bisected

Skill      XL: |  1  2  3  4 |
---------------+-------------+-----
Conjurations   | 2 3 |  3.1
Spellcasting   | 4 5 |  5.5
Dodging        | |  2.4
Stealth        | |  2.4
Fire Magic     | |  3.4

Action                   |  1- 3 |  4- 6 || total
-------------------------+-------+-------++-------
Melee: Short sword       |     3 |     3 ||     6
       Whip              |     1 |       ||     1
 Cast: Flame Tongue      |    68 |    25 ||    93
       Sticky Flame      |       |     2 ||     2
       Conjure Flame     |       |     1 ||     1
  Use: Scroll            |       |     3 ||     3
       Potion            |       |     2 ||     2
 Stab: Sleeping          |     1 |       ||     1
  Eat: Chunk             |     3 |     2 ||     5
Armor: Robe              |     5 |     3 ||     8
Dodge: Dodged            |    16 |    16 ||    32
